 Dungeon Crawl Stone Soup version 0.30-a0-949-g53dc5368d7 (webtiles) character file.

Game seed: 6368178946053767740

191 GigaChad the Shield-Bearer (level 6, 0/48 HPs)
             Began as a Formicid Fighter on Mar 27, 2023.
             Slain by Grinder (6 damage)
             ... on level 3 of the Dungeon.
             The game lasted 00:02:31 (1531 turns).

GigaChad the Shield-Bearer (Formicid Fighter)       Turns: 1531, Time: 00:02:32

Health: 0/48       AC: 11    Str: 23    XL:     6   Next: 1%
Magic:  6/6        EV:  6    Int:  7    God:
Gold:   97         SH:  5    Dex: 13    Spells: 5/5 levels left

rFire   . . .      SeeInvis +    a - +0 war axe
rCold   . . .      Faith    .    c - +0 buckler
rNeg    . . .      Spirit   .    e - +0 plate armour
rPois   .          Reflect  .    (helmet unavailable)
rElec   .          Rampage  .    (no cloak)
rCorr   .                        (no gloves)
Will    .....                    (no boots) Stlth
                                 j - amulet of regeneration
HPRegen 1.08/turn                (no ring)
MPRegen 0.10/turn                (no ring)

@: no status effects
A: permanent stasis, dig shafts and tunnels, antennae 3, four strong arms
a: Dig, Shaft Self


You were on level 3 of the Dungeon.
You visited 1 branch of the dungeon, and saw 3 of its levels.

You collected 97 gold pieces.

Inventory:

Hand Weapons
 a - a +0 war axe (weapon)
Armour
 b - a +0 scale mail
 c - a +0 buckler (worn)
 e - a +0 plate armour (worn)
Jewellery
 g - a ring of willpower
 j - an amulet of regeneration (around neck)
Scrolls
 h - 2 scrolls of immolation {unknown}
 n - a scroll of blinking {unknown}
Potions
 d - 3 potions of might
 f - 3 potions of heal wounds {unknown}
 i - a potion of curing {unknown}
 k - a potion of flight {unknown}
 l - a potion of haste {unknown}
 m - 2 potions of ambrosia {unknown}


   Skills:
 + Level 4.2 Fighting
 + Level 4.2 Axes
 + Level 4.0 Armour
 + Level 0.2 Stealth
 + Level 4.8 Shields


You had 5 spell levels left.
You didn't know any spells.
Your spell library contained the following spells:

 Spells                   Type           Power      Damage    Failure   Level
 Beastly Appendage        Tmut           0%         N/A       100%        1
 Wereblood                Tmut           0%         N/A       100%        2
 Spider Form              Tmut/Pois      0%         N/A       100%        3
 Summon Guardian Golem    Hex/Summ       0%         N/A       100%        3
 Orb of Destruction       Conj           0%         9d5       100%        7
 Spellforged Servitor     Conj/Summ      0%         N/A       100%        7


Dungeon Overview and Level Annotations

Branches:
Dungeon (3/15)

Altars:

Shops:
D:2 [

Annotations:
D:3 Grinder


Innate Abilities, Weirdness & Mutations

You cannot be hasted, slowed, berserked, paralysed or teleported.
You can dig through walls and to a lower floor.
You have a pair of large antennae on your head. (SInv)
Your four strong arms can wield two-handed weapons with a shield.


Message History

Grinder hits you but does no damage.
You hit Grinder.
Grinder is severely wounded.
You block Grinder's attack.
You hit Grinder.
Grinder is severely wounded.
Grinder hits you but does no damage.
You barely miss Grinder.
Grinder is severely wounded.
Grinder hits you.
You writhe in agony.
* * * LOW HITPOINT WARNING * * *
Grinder blinks!
An adder comes into view.
The adder hisses angrily.
Grinder blinks!
Grinder blinks!
You hit Grinder.
Grinder is severely wounded.
Grinder hits you. The adder bites you but does no damage.
You barely miss Grinder.
Grinder is severely wounded.
You closely miss the adder.
A ball python comes into view.
The adder bites you but does no damage.
Grinder says, "DUCK!"
Grinder hits you.
You writhe in agony.
* * * LOW HITPOINT WARNING * * *
The adder bites you but does no damage.
The ball python moves out of view.
You hit Grinder but do no damage.
Grinder is severely wounded.
You miss the adder.
An endoplasm comes into view.
Grinder hits you.
* * * LOW HITPOINT WARNING * * *
You writhe in agony.
* * * LOW HITPOINT WARNING * * *
You block the adder's attack. Grinder hits you.
* * * LOW HITPOINT WARNING * * *
You writhe in agony.
You die...

.#.. .. .#.# #.#
###..##..#
##.......# {
#..?....#
######......###
.............#
..##....@..# ##.
#.###..S5..# ...
#.###......# #.#
##.##.......#
#.###.....##.####
#<##..#.####.#
#..#)#..# ..#
####......## .J##
.......#### .#


You could see Grinder, an adder and an endoplasm (wandering).

Vanquished Creatures
  A scorpion (D:3)
  3 gnolls (D:2)
  4 adders (D:2)
  A dart slug (D:2)
  9 ball pythons
  6 bats
  5 endoplasms
  A giant cockroach (D:1)
  11 goblins
  3 hobgoblins
  2 jackals (D:1)
  5 kobolds
  3 quokkas (D:1)
  3 frilled lizards (D:1)
  6 rats
63 creatures vanquished.

Vanquished Creatures (others)
  2 fungi (D:2)
2 creatures vanquished.

Grand Total: 65 creatures vanquished

Notes
Turn   | Place    | Note
-------+----------+-------------------------------------------
     0 | D:1      | GigaChad the Formicid Fighter began the quest for the Orb.
     0 | D:1      | Reached XP level 1. HP: 18/18 MP: 1/1
    39 | D:1      | Reached XP level 2. HP: 13/24 MP: 2/2
   386 | D:1      | Reached XP level 3. HP: 26/29 MP: 3/3
   990 | D:2      | Reached XP level 4. HP: 34/36 MP: 4/4
   993 | D:2      | Found Qoj Vaopn's Armour Shop.
  1146 | D:2      | Reached XP level 5. HP: 42/42 MP: 5/5
  1505 | D:3      | Noticed Grinder
  1517 | D:3      | Reached XP level 6. HP: 22/48 MP: 6/6
  1531 | D:3      | Slain by Grinder

Illustrated notes

Levels and vault maps discovered:
D:1:      mrwooster_arrival_arrow, layout_basic, st_stairs_8, minmay_domino_4
D:2:      layout_basic, serial_shops,
          nicolae_shop_temple_entry_statues_fountains, serial_forest,
          infiniplex_forest_lined_room_, infiniplex_forest_side_room,
          infiniplex_forest_lined_1, infiniplex_forest_clump_small,
          infiniplex_forest_zigzag_1, infiniplex_forest_lined_2,
          minmay_shallow_snake_nest
D:3:      layout_rooms, palyth_temple_overflow_mages, uniq_grinder

Skill      XL: |  1  2  3  4  5 |
---------------+----------------+-----
Axes           | 3 4 |  4.2
Fighting       | 4 |  4.2
Armour         | 4 |  4.0
Stealth        | |  0.2
Shields        | |  4.8

Action                     |  1- 3 |  4- 6 || total
---------------------------+-------+-------++-------
  Melee: War axe           |   101 |    82 ||   183
Ability: Dig               |     2 |       ||     2
    Use: Scroll            |     1 |       ||     1
 Armour: Scale mail        |    14 |       ||    14
         Plate armour      |    74 |    50 ||   124
  Dodge: Dodged            |    33 |    21 ||    54
  Block: Buckler           |    28 |    20 ||    48

Table legend: (Time is in decaauts)
 A = Elapsed time spent in this place.
 B = Non-inter-level travel time spent in this place.
 C = Inter-level travel time spent in this place.
 D = Time resting spent in this place.
 E = Time spent auto-exploring this place.
 F = Levels seen in this place.
 G = Mean time per level.
                   A        B        C        D        E       F      G
               +--------+--------+--------+--------+--------+-----+--------+
         Total |   1601 |   1567 |     34 |      0 |   1058 |   3 |  533.7 |
       Dungeon |   1601 |   1567 |     34 |      0 |   1058 |   3 |  533.7 |
               +--------+--------+--------+--------+--------+-----+--------+

Top non-repeatable levels by time:
     D:1: 947 daAuts
     D:2: 599 daAuts
     D:3: 54 daAuts
